 Dungeon Crawl Stone Soup version 0.28.0-53-g5a82cb258f (webtiles) character file.

Game seed: 11235010172636057476

7511 NateTC the Cleaver (level 10, -4/94 HPs)
             Began as a Deep Dwarf Fighter on June 7, 2022.
             Was a Priest of Elyvilon.
             Slain by a yak (5 damage)
             ... on level 1 of the Lair of Beasts on June 8, 2022.
             The game lasted 00:40:11 (8169 turns).

NateTC the Cleaver (Deep Dwarf Fighter)             Turns: 8169, Time: 00:40:12

Health: -4/94      AC: 15    Str: 24    XL:     10   Next: 95%
Magic:  0/0        EV:  5    Int:  9    God:    Elyvilon [***...]
Gold:   288        SH: 19    Dex: 12    Spells: 9/9 levels left

rFire   . . .      SeeInvis .   a - +0 war axe
rCold   . . .      Faith    .   n - +0 tower shield
rNeg    . . .      Spirit   .   g - +0 chain mail
rPois   .          Reflect  +   h - +0 helmet
rElec   .          Harm     .   c - +1 cloak
rCorr   .          Rampage  .   s - +0 pair of gloves
Will    +....                   (no boots)
Stlth   ..........              w - amulet of reflection
HPRegen 0.00/turn               (no ring)
MPRegen 0.07/turn               (no ring)

@: no status effects
A: damage resistance, heal wounds, sense surroundings 2, no regeneration
a: Heal Wounds, Renounce Religion, Purification, Heal Other, Heal Self


You were on level 1 of the Lair of Beasts.
You worshipped Elyvilon.
Elyvilon was most pleased with you.
You visited 3 branches of the dungeon, and saw 11 of its levels.

You collected 404 gold pieces.
You spent 116 gold pieces at shops.

Inventory:

Hand Weapons
 a - a +0 war axe (weapon)
 b - a +0 morningstar
Armour
 c - a +1 cloak (worn)
 g - a +0 chain mail (worn)
 h - a +0 helmet (worn)
 n - a +0 tower shield (worn)
 s - a +0 pair of gloves (worn)
Jewellery
 w - an amulet of reflection (around neck)
Wands
 y - a wand of charming (7)
 A - a wand of flame (13)
 B - a wand of paralysis (4)
 C - a wand of digging (7)
Scrolls
 i - a scroll of noise {unknown}
 j - a scroll of silence
 k - a scroll of magic mapping
 p - a scroll of summoning
 q - 2 scrolls of teleportation
 t - a scroll of amnesia
 z - a scroll of fear
Potions
 d - 2 potions of mutation
 e - a potion of lignification
 f - 2 potions of flight
 l - a potion of resistance
 m - a potion of brilliance
 o - a potion of invisibility
 r - 4 potions of curing
 u - a potion of degeneration {unknown}
 v - a potion of haste


   Skills:
 - Level 7.2 Fighting
 - Level 12.0 Axes
 * Level 7.5 Armour
 - Level 6.6 Shields
 - Level 4.5 Invocations
 - Level 8.0 Evocations


You had 9 spell levels left.
You didn't know any spells.
Your spell library contained the following spells:

 Spells                   Type           Power      Damage    Failure   Level
 Shock                    Conj/Air       0%         1d3       100%        1
 Conjure Flame            Conj/Fire      0%         6-21      100%        3
 Ignite Poison            Fire/Tmut/Pois 0%         N/A       100%        3
 Swiftness                Air            0%         N/A       100%        3
 Tukima's Dance           Hex            0%         N/A       100%        3
 Airstrike                Air            0%         N/A       100%        4
 Anguish                  Hex/Necr       0%         N/A       100%        4
 Sticky Flame             Conj/Fire      0%         2d3       100%        4
 Enfeeble                 Hex            0%         N/A       100%        7


Dungeon Overview and Level Annotations

Branches:
Dungeon (9/15)             Temple (1/1) D:5            Lair (1/6) D:8
    Orc: D:9-12

Altars:
Ashenzari
Cheibriados
Dithmenos
Elyvilon
Fedhas
Gozag
Kikubaaqudgha
Makhleb
Nemelex Xobeh
Okawaru
Qazlal
Ru
Sif Muna
Trog
Uskayaw
Vehumet
Wu Jian
Xom
Zin
The Shining One
Beogh

Shops:
D:3 [   D:8 ((


Innate Abilities, Weirdness & Mutations

You are resistant to damage.
You can heal yourself by infusing magical energy.
You passively map the area around you.
You do not regenerate.


Message History

A yak comes into view.
The bullfrog hits you. You block the yak's attack.
The yak bellows!
You slash the yak!
The yak is severely wounded.
You slash the bullfrog! You block the bullfrog's attack.
The bullfrog hits you but does no damage.
The yak barely misses you.
You slash the yak!
You kill the yak!
You slash the yak! You closely miss the bullfrog. The yak gores you.
* * * LOW HITPOINT WARNING * * *
The bullfrog hits you.
* * * LOW HITPOINT WARNING * * *
The yak gores you. You block the bullfrog's attack.
You closely miss the bullfrog.
The bullfrog is moderately wounded.
You hit the yak. You block the bullfrog's attack. The yak gores you!
Elyvilon protects you from harm!
You slash the yak!
The yak is almost dead.
You hit the bullfrog. The bullfrog barely misses you.
A yak comes into view.
You block the bullfrog's attack. The yak gores you but does no damage.
The yak bellows!
You hit the yak.
The yak is almost dead.
You hit the bullfrog. You block the bullfrog's attack.
You block the yak's attack. You block the bullfrog's attack.
You hit the bullfrog.
The bullfrog is severely wounded.
You slash the yak! You hit the yak.
You kill the yak!
You block the bullfrog's attack. The yak gores you but does no damage.
The bullfrog hits you but does no damage.
You barely miss the bullfrog.
The bullfrog is severely wounded.
You hit the yak but do no damage. You block the bullfrog's attack.
The yak gores you.
You die...

,* ...**
##....#P#### *
** **#...
#.....### *#..#
##.....## *
#...# #.......#
* *
**#..###...P##.#
,*,*
#.....####*#.#
,* #P...#.#
*#.#* * *
##...### #.., ,,
** #.@Y.# * *#.
* , * #..†F.#**
* ,,,,
.........# ,
......###.Y.#,
,, * * ......#
##..., * ,
,.....# #...,, ,
....# #.. , ....
* *#. ,, , , ,
,, ,,,


You could see 2 yaks and a bullfrog.

Vanquished Creatures
  A two-headed ogre (D:8)
  A komodo dragon (Lair:1)
  A cane toad (Lair:1)
  A hornet (D:6)
  Sigmund (D:3)
  A wraith (D:8)
  10 yaks
  5 wyverns
  A basilisk (D:8)
  4 water moccasins
  A sky beast (D:8)
  2 orc warriors (D:8)
  A hornet zombie (D:8)
  3 black bears
  2 ice beasts
  3 necrophages
  4 bullfrogs
  A wyvern zombie (D:4)
  A kobold brigand (D:6)
  Blork the orc (D:5)
  3 scorpions
  A wyvern skeleton (D:6)
  3 killer bees (D:8)
  3 wights (D:6)
  2 bullfrog zombies
  2 centaur zombies
  4 hounds
  A jelly (D:4)
  A gnoll shaman (D:6)
  4 orc priests
  5 iguanas
  Ijyb (D:5)
  Natasha (thrice) (D:3)
  7 orc wizards (D:8)
  A hound skeleton (D:4)
  7 gnolls
  A howler monkey skeleton (D:4)
  10 adders
  3 shadow imps (D:6)
  A white imp (D:8)
  2 worms
  A dart slug (D:3)
  40 orcs
  12 ball pythons
  8 endoplasms
  4 giant cockroaches
  6 goblins
  3 hobgoblins
  3 jackals (D:1)
  5 quokkas
  4 bats
  3 frilled lizards
  7 kobolds
  7 rats
213 creatures vanquished.

Vanquished Creatures (others)
  6 fungi
  18 plants (D:8)
24 creatures vanquished.

Grand Total: 237 creatures vanquished

Notes
Turn   | Place    | Note
-------+----------+-------------------------------------------
     0 | D:1      | NateTC the Deep Dwarf Fighter began the quest for the Orb.
     0 | D:1      | Reached XP level 1. HP: 20/20 MP: 1/1
   294 | D:1      | Reached skill level 3 in Axes
   385 | D:1      | Reached XP level 2. HP: 22/27 MP: 2/2
  1106 | D:1      | Reached skill level 4 in Axes
  1106 | D:1      | Reached XP level 3. HP: 8/33 MP: 3/3
  1305 | D:1      | Found a faded altar of an unknown god.
  1833 | D:2      | Reached XP level 4. HP: 28/40 MP: 4/4
  1994 | D:2      | Reached skill level 5 in Axes
  2222 | D:3      | Noticed Natasha
  2230 | D:3      | Killed Natasha
  2251 | D:3      | Noticed Sigmund
  2278 | D:3      | Killed Sigmund
  2279 | D:3      | Reached XP level 5. HP: 43/51 MP: 5/5
  2279 | D:3      | Reached XP level 6. HP: 49/58 MP: 6/6
  2350 | D:3      | Found Kukelek's Armour Boutique.
  2776 | D:3      | Noticed Natasha
  2784 | D:3      | Killed Natasha
  2873 | D:3      | Noticed Natasha
  2886 | D:3      | Killed Natasha
  2887 | D:3      | Reached skill level 6 in Axes
  3218 | D:3      | Bought a +0 tower shield for 58 gold pieces
  3387 | D:4      | Reached XP level 7. HP: 44/66 MP: 7/7
  3411 | D:4      | Reached skill level 7 in Axes
  3899 | D:3      | Bought a +0 pair of gloves for 58 gold pieces
  3973 | D:5      | Entered Level 5 of the Dungeon
  4027 | D:5      | Reached skill level 8 in Axes
  4506 | D:5      | Reached skill level 9 in Axes
  4511 | D:5      | Found a staircase to the Ecumenical Temple.
  4519 | Temple   | Entered the Ecumenical Temple
  4657 | Temple   | Became a worshipper of Elyvilon the Healer
  4835 | D:5      | Reached XP level 8. HP: 46/73 MP: 7/7
  4849 | D:5      | Noticed Blork the orc
  4852 | D:5      | Noticed Ijyb
  4854 | D:5      | Paralysed by Ijyb for 6 turns
  4862 | D:5      | Killed Blork the orc
  4867 | D:5      | Killed Ijyb
  4893 | D:5      | You fall into a shaft and drop 2 floors!
  4945 | D:7      | Reached skill level 5 in Fighting
  4965 | D:7      | Noticed a hornet
  4969 | D:7      | Paralysed by a hornet for 3 turns
  4976 | D:7      | Paralysed by a hornet for 2 turns
  5000 | D:7      | Paralysed by a hornet for 3 turns
  5108 | D:5      | Reached * piety under Elyvilon
  5809 | D:6      | Killed a hornet
  5810 | D:6      | Reached skill level 5 in Shields
  5810 | D:6      | Gained mutation: You passively map the area around you.
                  | [Deep Dwarf growth]
  5810 | D:6      | Reached XP level 9. HP: 53/85 MP: 4/4
  6178 | D:7      | Reached ** piety under Elyvilon
  6296 | D:7      | Found the necklace of Bloodlust {*Rage Will++ Int-3 Slay+6}
  6313 | D:7      | Reached skill level 1 in Evocations
  6715 | D:8      | Found a staircase to the Lair.
  6753 | D:8      | Reached skill level 10 in Axes
  6800 | D:8      | Reached skill level 5 in Evocations
  6802 | D:8      | Reached XP level 10. HP: 51/94 MP: 6/6
  6828 | D:8      | Reached skill level 11 in Axes
  6879 | D:8      | Found Jootucass's Antique Weapon Shoppe.
  6882 | D:8      | Found a runed translucent door.
  7038 | D:8      | Noticed a two-headed ogre
  7059 | D:8      | Killed a two-headed ogre
  7060 | D:8      | Found Pusuleh's Weapon Shop.
  7268 | D:8      | Reached skill level 12 in Axes
  7605 | Lair:1   | Entered Level 1 of the Lair of Beasts
  7633 | D:9      | Noticed a skeletal warrior
  7633 | D:9      | Noticed a skeletal warrior
  7633 | D:9      | Noticed a skeletal warrior
  7633 | D:9      | Noticed a skeletal warrior
  7633 | D:9      | Noticed a skeletal warrior
  7645 | D:8      | Reached skill level 5 in Armour
  7676 | Lair:1   | Reached *** piety under Elyvilon
  7749 | Lair:1   | HP: 2/94 [komodo dragon (26)]
  7868 | Lair:1   | Noticed a cane toad
  7884 | Lair:1   | Killed a cane toad
  7959 | D:9      | HP: 1/94 [skeletal warrior/+0 battleaxe[a skeletal warrior]
                  | (19)]
  8164 | Lair:1   | HP: 4/94 [yak (1)]
  8164 | Lair:1   | HP: 1/94 [bullfrog (3)]
  8165 | Lair:1   | Elyvilon protects you from harm!
  8169 | Lair:1   | Slain by a yak

Illustrated notes

Levels and vault maps discovered:
D:1:      minmay_arrival_floating_metal, layout_loops_corners,
          shapermc_ecumenical_altar_hornbeckon, minmay_misc_feat_iff,
          minmay_door_square
D:2:      layout_loops_corners
D:3:      layout_basic, serial_shops, nicolae_square_shop, minmay_vboxes,
          uniq_natasha, uniq_sigmund
D:4:      layout_cave_pools
D:5:      layout_gridville, minmay_temple_entry_glassed_door,
          minmay_misc_feat_rows, minmay_fractal_squares_gapless_5,
          uniq_blork_the_orc, uniq_ijyb
D:6:      layout_rooms
D:7:      layout_loops_corners
D:8:      layout_rooms, minmay_lair_entry_grove, serial_shops,
          nicolae_shop_temple_entry_statues_fountains,
          nicolae_shop_bloodbath_and_beyond, lightli_church_of_beogh
D:9:      layout_rooms, hangedman_decor_clover_reticule,
          chequers_serial_rivers_micro_c, serial_nicolae_subway,
          nicolae_sub_station_metal, nicolae_sub_station_crystal,
          nicolae_sub_station_stone
Temple:   regret_index_temple_chain_breaker
Lair:1:   layout_layer_cave

Skill      XL: |  1  2  3  4  5  6  7  8  9 10 |
---------------+-------------------------------+-----
Axes           | 3 4 5 6 9 10 12 | 12.0
Fighting       | 4 6 7 |  7.2
Shields        | 5 6 |  6.6
Evocations     | 5 8 |  8.0
Invocations    | 4 |  4.5
Armour         | 7 |  7.5

Action                   |  1- 3 |  4- 6 |  7- 9 | 10-12 || total
-------------------------+-------+-------+-------+-------++-------
Melee: War axe           |    86 |   134 |   405 |   201 ||   826
Invok: Heal Self         |       |       |       |     1 ||     1
 Abil: Heal Wounds       |     1 |     2 |    17 |    17 ||    37
  Use: Scroll            |     4 |     7 |     9 |     2 ||    22
       Potion            |       |     1 |       |     4 ||     5
Armor: Scale mail        |    29 |       |       |       ||    29
       Chain mail        |    11 |    69 |   254 |    71 ||   405
Dodge: Dodged            |    47 |    51 |    79 |    28 ||   205
Block: Buckler           |    19 |    29 |       |       ||    48
       Tower shield      |       |    24 |   430 |   222 ||   676
       Reflection        |       |       |       |     3 ||     3
